 Dungeon Crawl Stone Soup version 0.24-a0-25-g8489be9 (webtiles) character file.

Game seed: 7751206382174550312

319 CanOfBees the Bolt Thrower (level 6, 0/38 HPs)
             Began as a Tengu Hunter on Feb 1, 2019.
             Slain by a phantom (2 damage)
             ... on level 4 of the Dungeon.
             The game lasted 00:09:27 (4770 turns).

CanOfBees the Bolt Thrower (Tengu Hunter)           Turns: 4770, Time: 00:09:28

Health: 0/38       AC:  5    Str: 14    XL:     6   Next: 46%
Magic:  7/7        EV: 17    Int: 12    God:
Gold:   192        SH:  0    Dex: 14    Spells: 5/5 levels left

rFire    + . .     SeeInvis .   B - +0 dagger (holy)
rCold    . . .     Gourm    .   (no shield)
rNeg     . . .     Faith    .   u - +2 leather armour {rF+}
rPois    +         Spirit   .   (helmet restricted)
rElec    .         Reflect  .   (no cloak)
rCorr    .         Harm     .   (no gloves)
MR       .....                  (boots unavailable)
Stlth    +.........             (no amulet)
HPRegen  0.12/turn              A - +1 ring of evasion
MPRegen  0.10/turn              y - ring of poison resistance

@: flying quickly and evasively, quick
A: beak, talons 3, able to fly
a: Stop Flying


You were on level 4 of the Dungeon.
You were not hungry.

You visited 1 branch of the dungeon, and saw 5 of its levels.

You collected 192 gold pieces.

Inventory:

Hand Weapons
 a - a +1 hand crossbow
 b - a +2 rapier of draining
 n - a +0 long sword
 B - a +0 dagger of holy wrath (weapon)
Missiles
 d - 19 bolts
 x - a poisoned tomahawk (quivered)
Armour
 s - a +0 chain mail
 u - a +2 leather armour of fire resistance (worn)
Jewellery
 e - an uncursed ring of see invisible
 h - an uncursed ring of resist corrosion
 r - an uncursed ring of protection from cold
 v - an uncursed ring of wizardry
 y - a ring of poison resistance (right hand)
 z - an uncursed amulet of magic regeneration
 A - a +1 ring of evasion (left hand)
Wands
 c - a wand of disintegration (11)
 t - a wand of paralysis (4)
Scrolls
 g - a scroll of enchant armour {unknown}
 i - a scroll of random uselessness {unknown}
 k - a scroll of remove curse {unknown}
 l - a scroll of noise {unknown}
 m - a scroll of identify
 o - a scroll of teleportation
 p - a scroll of fog {unknown}
Potions
 j - a potion of degeneration {unknown}
 q - a potion of heal wounds {unknown}
 w - a potion of ambrosia {unknown}
Comestibles
 f - 4 rations
 C - 2 chunks of flesh


   Skills:
 + Level 4.1 Fighting
 + Level 6.0 Crossbows
 + Level 4.4 Dodging
 - Level 1.0 Stealth


You had 5 spell levels left.
You didn't know any spells.
Your spell library was empty.

Dungeon Overview and Level Annotations

Branches:
Dungeon (5/15)             Temple (0/1) D:4

Altars:
Makhleb
Ru

Shops:
D:4 }


Innate Abilities, Weirdness & Mutations

You have a beak for a mouth.
You have claws for feet.
You can fly continuously.


Message History

The phantom blinks!
You see here a bolt.
You closely miss the phantom. You claw the phantom.
The phantom is heavily damaged.
The phantom hits you.
* * * LOW HITPOINT WARNING * * *
You hit the phantom.
The phantom convulses.
Your kick misses the phantom.
The phantom is heavily damaged.
The phantom hits you but does no damage.
You hit the phantom but do no damage. You peck the phantom, but do no damage.
The phantom is heavily damaged.
The phantom hits you.
* * * LOW HITPOINT WARNING * * *
You hit the phantom.
The phantom convulses.
Your peck misses the phantom.
The phantom is severely damaged.
The phantom closely misses you.
You hit the phantom.
The phantom convulses.
Your kick misses the phantom.
The phantom is severely damaged.
The phantom hits you.
You die...

*,,,,,,**,,,o..>..',**,,,,,,,,,
*,,,,,,******.⌠.⌠.****,,,,,,***
*,,*+*,* *,...,* *,,,,,,*
***,,*,*,* ###'##* **,,,,,*
,,*,,,,,,######.#(.#####*,,,,,***
*,,,**,*,#......W........,,,,,,,,
*,,,,,,*,#.##############********
,,**######.#...W....#
*,*.........>.(.@...#
*,*.#####.##.######## *,*,*
#.*#.# *,*,* #.*#.#
***,****#.*#.# ,,,,,,,,..*#.#
***,****#.*#.# *,*******#.#
*,,,,,,,,,,*


You could see a phantom.

Vanquished Creatures
  A hound (D:2)
  2 orc priests
  An orc wizard (D:3)
  Ijyb (D:3)
  5 adders
  2 oozes (D:3)
  A worm (D:2)
  2 dart slugs
  4 leopard geckos
  9 orcs (D:3)
  5 giant cockroaches
  9 goblins
  10 hobgoblins
  7 jackals
  14 kobolds
  13 bats
  6 frilled lizards
  A giant cockroach zombie (D:4)
  A leopard gecko skeleton (D:4)
  8 rats
102 creatures vanquished.

Notes
Turn   | Place    | Note
-------+----------+-------------------------------------------
     0 | D:1      | CanOfBees the Tengu Hunter began the quest for the Orb.
     0 | D:1      | Reached XP level 1. HP: 12/12 MP: 2/2
    46 | D:1      | Reached XP level 2. HP: 6/17 MP: 3/3
   582 | D:1      | Reached XP level 3. HP: 16/22 MP: 4/4
  1878 | D:2      | Reached skill level 5 in Crossbows
  1881 | D:2      | Reached XP level 4. HP: 17/27 MP: 5/5
  2842 | D:2      | Found a burning altar of Makhleb.
  2853 | D:2      | Gained mutation: You can fly continuously. [Tengu growth]
  2853 | D:2      | Reached XP level 5. HP: 32/32 MP: 6/6
  3072 | D:3      | Noticed Ijyb
  3080 | D:3      | Killed Ijyb
  3818 | D:3      | Reached XP level 6. HP: 38/38 MP: 7/7
  4112 | D:4      | Found Wyorucia's Gadget Shoppe.
  4160 | D:4      | Noticed a phantom
  4194 | D:4      | Noticed a phantom
  4205 | D:4      | Found a sacrificial altar of Ru.
  4545 | D:5      | Entered Level 5 of the Dungeon
  4699 | D:4      | Found a staircase to the Ecumenical Temple.
  4711 | D:4      | Reached skill level 6 in Crossbows
  4770 | D:4      | Slain by a phantom

Vault maps used:
D:1:      eino_arrival_water_star, minmay_nonomino_d4
D:2:      first_ration, makhleb_blood_cavern_becter
D:3:      minmay_diamond_boxcup, uniq_ijyb
D:4:      nicolae_overflow_hidden_temple, minmay_temple_entry_hall,
          serial_shops, shop
D:5:      chequers_temple_overflow_minitemple,
          minmay_a_box_with_orc_wizards_in_it

Skill      XL: |  1  2  3  4  5  6 |
---------------+-------------------+-----
Dodging        | 3 4 |  4.4
Crossbows      | 5 6 |  6.0
Fighting       | 3 4 |  4.1
Stealth        | |  1.0

Action                   |  1- 3 |  4- 6 || total
-------------------------+-------+-------++-------
Melee: Short sword       |   104 |     1 ||   105
       Kick              |    19 |    21 ||    40
       Peck              |    18 |    11 ||    29
       Long sword        |       |    16 ||    16
       Rapier            |       |    88 ||    88
       Dagger            |       |    16 ||    16
 Fire: Hand crossbow     |     4 |    45 ||    49
Throw: Tomahawk          |       |     9 ||     9
 Abil: Fly               |       |     1 ||     1
  Use: Potion            |       |     2 ||     2
       Scroll            |       |     4 ||     4
 Stab: Sleeping          |     2 |       ||     2
  Eat: Chunk             |     2 |    10 ||    12
Armor: Leather armour    |    26 |    45 ||    71
Dodge: Dodged            |    67 |   127 ||   194
       Rpst.: Long sword |       |     8 ||     8

Table legend:
 A = Non-vault XP
 B = Vault XP
 C = Vault XP percentage of total XP
 D = Non-vault monster count
 E = Vault monster count
 F = Vault count percentage of total count
                 A         B        C        D         E       F
            +---------+---------+-------+---------+---------+-------
      Total |     310 |     147 |  32.2 |      89 |      13 |  12.7
            +---------+---------+-------+---------+---------+-------
        D:1 |      45 |       5 |  10.0 |      26 |       3 |  10.3
        D:2 |      62 |      42 |  40.4 |      20 |       1 |   4.8
        D:3 |     141 |     100 |  41.5 |      38 |       9 |  19.1
        D:4 |      62 |       0 |   0.0 |       5 |       0 |   0.0
            +---------+---------+-------+---------+---------+-------
